 Dungeon Crawl Stone Soup version 0.28-a0-622-gbaef9634d7 (webtiles) character file.

Game seed: 12674813872930113446

239 sleeves the Slasher (level 5, -4/41 HPs)
             Began as a Demonspawn Fighter on Oct 7, 2021.
             Killed by nerve-wracking pain
             ... invoked by Grinder
              (8 damage)
             ... while paralysed by Grinder
             ... on level 3 of the Dungeon.
             The game lasted 00:03:46 (4407 turns).

sleeves the Slasher (Demonspawn Fighter)            Turns: 4407, Time: 00:03:46

Health: -4/41      AC:  6    Str: 17    XL:     5   Next: 79%
Magic:  5/5        EV:  2    Int: 10    God:
Gold:   122        SH:  0    Dex: 12    Spells: 4/4 levels left

rFire   . . .      SeeInvis .   a - +0 long sword
rCold   . . .      Faith    .   h - +2 buckler
rNeg    . . .      Spirit   .   b - +0 scale mail
rPois   .          Reflect  .   (no helmet)
rElec   .          Harm     .   (no cloak)
rCorr   .          Rampage  .   (no gloves)
Will    .....                   (no boots)
Stlth   ..........              (no amulet)
HPRegen 0.13/turn               (no ring)
MPRegen 0.09/turn               (no ring)

@: paralysed
A: claws 1, powered by death 1
a: no special abilities


You were on level 3 of the Dungeon.
You visited 1 branch of the dungeon, and saw 3 of its levels.

You collected 122 gold pieces.

Inventory:

Hand Weapons
 a - a +0 long sword (weapon)
Armour
 b - a +0 scale mail (worn)
 h - a +2 buckler (worn)
   (You found it on level 1 of the Dungeon)
 j - a +0 pair of gloves
   (You found it on level 2 of the Dungeon)
 o - a +0 helmet
   (You took it off Robin on level 2 of the Dungeon)
Jewellery
 l - a ring of protection from fire
   (You found it on level 2 of the Dungeon)
Scrolls
 c - 2 scrolls of enchant weapon {unknown}
 e - a scroll of blinking {unknown}
 f - a scroll of torment {unknown}
 g - 2 scrolls of teleportation {unknown}
 i - a scroll of noise {unknown}
 k - a scroll of silence {unknown}
 m - a scroll of vulnerability {unknown}
 p - 2 scrolls of enchant armour {unknown}
Potions
 d - 3 potions of might
 n - 3 potions of resistance {unknown}
 q - a potion of brilliance {unknown}


   Skills:
 - Level 3.0 Fighting
 + Level 5.6 Long Blades
 - Level 2.6 Armour
 - Level 2.6 Shields


You had 4 spell levels left.
You didn't know any spells.
Your spell library contained the following spells:

 Spells                   Type           Power      Damage    Failure   Level
 Petrify                  Tmut/Erth      0%         N/A       100%        4
 Metabolic Englaciation   Hex/Ice        0%         N/A       100%        5
 Statue Form              Tmut/Erth      0%         N/A       100%        6


Dungeon Overview and Level Annotations

Branches:
Dungeon (3/15)

Altars:
Wu Jian

Annotations:
D:3 Grinder


Innate Abilities, Weirdness & Mutations

You have sharp fingernails.
You regenerate a little health from kills.


Message History

Found a stone staircase leading up.
A frilled lizard comes into view.
The frilled lizard hisses angrily.
A frilled lizard is nearby!
The frilled lizard unfolds its giant frill.
The frilled lizard bites you but does no damage.
You closely miss the frilled lizard. You block the frilled lizard's attack.
You barely miss the frilled lizard.
The frilled lizard bites you but does no damage.
The frilled lizard closely misses you.
You closely miss the frilled lizard.
The frilled lizard bites you but does no damage.
You barely miss the frilled lizard. The frilled lizard bites you.
You slash the frilled lizard!
You kill the frilled lizard!
No target in view!
No target in view!
Found 4 large rocks.
i - a scroll labelled NITETT YDIANG
Found a stone staircase leading down.
No target in view!
No target in view!
No target in view!
No target in view!
No target in view!
You see here 4 large rocks.
There is a stone staircase leading down here.
Found a stone staircase leading up.
No target in view!
No target in view!
No target in view!
No target in view!
No target in view!
No target in view!
No target in view!
No target in view!
A quokka comes into view.
A quokka is nearby!
The quokka closely misses you.
You closely miss the quokka.
The quokka bites you but does no damage. x2
You closely miss the quokka. You block the quokka's attack.
You hit the quokka but do no damage. You block the quokka's attack. x2
You hit the quokka but do no damage.
The quokka bites you but does no damage.
The quokka bites you.
You hit the quokka.
The quokka is almost dead.
The quokka closely misses you.
You closely miss the quokka.
The quokka is almost dead.
You block the quokka's attack.
Your scale mail prevents you from hitting the quokka.
The quokka is almost dead.
The quokka completely misses you.
The quokka bites you but does no damage.
You hit the quokka.
You kill the quokka!
You see here a quokka corpse.
There is a stone staircase leading up here.
Found a stone staircase leading down.
Found a short sword.
There is a stone staircase leading down here.
A goblin comes into view. It is wielding a +0 club.
Found 20 stones.
The goblin shouts!
A goblin comes into view. It is wielding a +0 dagger.
The goblin unwields a +0 dagger.
The goblin wields a +0 hunting sling.
The goblin shoots a stone.
The stone barely misses you. The goblin hits you with a +0 club.
You barely miss the goblin. The goblin hits you with a +0 club.
You barely miss the goblin. The goblin hits you but does no damage.
The goblin shoots a stone.
The stone hits you but does no damage.
You hit the goblin.
You kill the goblin!
The goblin shoots a stone.
The stone hits you.
The goblin shoots a stone.
The stone hits you but does no damage.
The goblin unwields a +0 hunting sling.
The goblin wields a +0 dagger.
You block the goblin's attack.
A goblin is nearby!
A goblin is nearby!
A goblin is nearby!
You barely miss the goblin. The goblin hits you with a +0 dagger.
You closely miss the goblin. The goblin hits you but does no damage.
You slash the goblin!
You kill the goblin!
No target in view!
No target in view!
No target in view!
No target in view!
No target in view!
Items here: ( )) †.
Found 20 stones.
j - a +0 pair of gloves No target in view!
No target in view!
No target in view!
No target in view!
No target in view!
No target in view!
No target in view!
k - a scroll labelled RISUSA KINI
Found an escape hatch in the floor.
There is an escape hatch in the floor here.
You now have 69 gold pieces (gained 8).
l - a ring of protection from fire No target in view!
No target in view!
No target in view!
No target in view!
No target in view!
No target in view!
There is an escape hatch in the floor here.
Found a stone staircase leading down.
m - a scroll labelled QILEEW BYPPI
(D) Dungeon
Where to? (Enter - D:2, ? - help)
Okay, then.
n - 2 yellow potions
There is a stone staircase leading up here. 2 goblins, a hobgoblin and a gnoll come into view.
The hobgoblin shouts!
The goblin shouts! x2; You hear a shout! x2
A gnoll comes into view. It is wielding a +0 spear.
A goblin comes into view. It is wielding a +0 club. x2
There are monsters nearby!
There are monsters nearby!
There are monsters nearby!
You block the gnoll's attack.
You slash the gnoll!
The gnoll is severely wounded.
The gnoll barely misses you.
You slash the gnoll!
You kill the gnoll!
You closely miss the hobgoblin. The goblin hits you but does no damage.
The hobgoblin barely misses you.
You hit the goblin.
The goblin is severely wounded.
The goblin hits you with a +0 club. The goblin closely misses you.
You block the hobgoblin's attack. The goblin hits you with a +0 club.
Your shield and scale mail prevent you from hitting the hobgoblin.
You block the goblin's attack. The hobgoblin completely misses you.
The goblin hits you but does no damage. You block the goblin's attack.
You block the hobgoblin's attack.
You hit the hobgoblin.
You kill the hobgoblin!
You slash the goblin!
You kill the goblin!
You hit the goblin.
The goblin is heavily wounded.
The goblin hits you but does no damage. The goblin hits you with a +0 club.
You hit the goblin.
You kill the goblin!
Things that are here:
a +0 club; a +0 club; a hobgoblin corpse You see here a +0 flail.
A goblin comes into view. It is wielding a +0 club.
A goblin is nearby!
The goblin shouts!
You hear a shout!
Robin of the Strong Arm comes into view.
They are wielding a +0 dagger.
Robin throws the goblin at you!
The goblin hits you but does no damage. x2
You hit the goblin.
You kill the goblin!
A goblin comes into view. It is wielding a +0 club.
The goblin misses you.
A rat comes into view.
You barely miss the goblin. The goblin hits you but does no damage.
The goblin hits you with a +0 club.
You completely miss the goblin. Robin throws the goblin at you!
The goblin barely misses you. The goblin hits you but does no damage.
The goblin unwields a +0 club.
The goblin wields a +0 hunting sling.
The goblin shoots a stone.
The stone hits you but does no damage. The goblin hits you with a +0 club.
Robin roars a battlecry!
The goblins go into a battle-frenzy!
A hobgoblin comes into view.
Robin throws the goblin at you!
The goblin unwields a +0 hunting sling.
The goblin wields a +0 club.
The goblin closely misses you.
You hit the goblin but do no damage.
A hobgoblin comes into view.
The rat closely misses you. The goblin hits you but does no damage.
The goblin hits you but does no damage. You block the goblin's attack.
The goblin barely misses you.
There is a stone staircase leading up here.
You barely miss the goblin. The goblin hits you with a +0 club.
You hit the goblin.
The goblin is moderately wounded.
The goblin hits you but does no damage.
You hit the goblin but do no damage.
The goblin is moderately wounded.
The goblin unwields a +0 club.
The goblin wields a +0 hunting sling.
The goblin shoots a stone.
The stone hits you but does no damage. Robin throws the goblin at you!
The goblin barely misses you. The goblin hits you but does no damage.
The hobgoblin shouts!
You block the rat's attack. The goblin hits you with a +0 club.
The goblin barely misses you.
You climb upwards.
There is a stone staircase leading down here.
You closely miss the rat. The rat bites you but does no damage.
The goblin hits you but does no damage. x2
You hit the rat.
You kill the rat!
You block the goblin's attack. The goblin closely misses you.
The goblin no longer looks unusually strong.
You see here a rat corpse.
You closely miss the goblin.
The goblin is moderately wounded.
The goblin hits you with a +0 club.
You slash the goblin!
You kill the goblin!
The goblin hits you but does no damage.
You closely miss the goblin. The goblin hits you with a +0 club.
* * * LOW HITPOINT WARNING * * *
You closely miss the goblin. The goblin hits you with a +0 club.
* * * LOW HITPOINT WARNING * * *
You slash the goblin!
You kill the goblin!
There is a stone staircase leading down here.
Things that are here:
a +0 club; a +0 club You see here a +0 ring mail.
There is a stone staircase leading down here.
Things that are here:
a +0 club; a +0 club You start resting.
HP restored.
You see here a +0 ring mail.
There is a stone staircase leading down here.
Things that are here:
a +0 club; a +0 club You climb downwards.
Level annotation: Robin The goblin shouts!
You block the hobgoblin's attack.
There is a stone staircase leading up, spattered with blood here.
You hit the hobgoblin.
You kill the hobgoblin!
The goblin hits you but does no damage.
You closely miss the goblin. The goblin barely misses you.
Robin throws the goblin at you!
You slash the goblin!
You kill the goblin!
The goblin unwields a +0 hunting sling.
The goblin wields a +0 club.
You block the goblin's attack.
Robin roars a battlecry!
The goblins go into a battle-frenzy!
You closely miss the hobgoblin.
The hobgoblin hits you but does no damage.
The goblin hits you but does no damage. The hobgoblin closely misses you.
You hit the hobgoblin but do no damage. The goblin hits you with a +0 club.
Robin's bangles clink loudly.
The hobgoblin hits you.
You can't go down here!
The goblin unwields a +0 club.
The goblin wields a +0 hunting sling.
The goblin shoots a stone.
The stone misses you. The hobgoblin hits you.
The goblin shoots a stone.
The stone hits you.
You see here a +0 flail.
You barely miss the hobgoblin. You block the hobgoblin's attack.
You hit the hobgoblin.
You kill the hobgoblin!
The goblin shoots a stone.
The stone closely misses you. Robin throws the goblin at you!
The goblin unwields a +0 hunting sling.
The goblin wields a +0 club.
The goblin barely misses you.
You barely miss the goblin. You block Robin's attack.
The goblin hits you with a +0 club.
* * * LOW HITPOINT WARNING * * *
You slash the goblin!
You kill the goblin!
You block Robin's attack.
You slash Robin!
Robin is heavily wounded.
Robin barely misses you.
You barely miss Robin.
Robin is heavily wounded.
Robin hits you but does no damage.
You hit Robin but do no damage.
Robin is heavily wounded.
Robin hits you but does no damage. x2
You barely miss Robin.
Robin is heavily wounded.
You block Robin's attack.
You slash Robin!
Robin is almost dead.
Robin hits you with a +0 dagger.
* * * LOW HITPOINT WARNING * * *
You slash Robin!
You kill Robin!
Your Long Blades skill increases to level 4!
You have reached level 4!
You feel clever.
o - a +0 helmet
Things that are here:
a +0 dagger; a +0 animal skin Key pressed, stopping explore.
A gnoll is nearby!
A gnoll is nearby!
A gnoll is nearby!
You see here a +0 flail.
Things that are here:
a +0 club; a +0 hunting sling; 10 stones You block the gnoll's attack.
A gnoll comes into view. It is wielding a +0 whip.
A gnoll comes into view. It is wielding a +0 halberd.
The gnoll closely misses you.
The gnoll shouts!
You slash the gnoll!
The gnoll is severely wounded.
The gnoll barely misses you.
You barely miss the gnoll.
The gnoll is severely wounded.
You block the gnoll's attack.
You hit the gnoll.
You kill the gnoll!
The gnoll hits you but does no damage.
Things that are here:
a +0 club; a +0 hunting sling; 10 stones You see here a +0 flail.
You hit the gnoll.
The gnoll is lightly wounded.
The gnoll barely misses you. The gnoll hits you but does no damage.
You slash the gnoll!
The gnoll is severely wounded.
You block the gnoll's attack. The gnoll hits you with a +0 whip.
You barely miss the gnoll.
The gnoll is severely wounded.
You block the gnoll's attack. The gnoll closely misses you.
You block the gnoll's attack.
You slash the gnoll!
You kill the gnoll!
The gnoll throws a throwing net.
The throwing net hits you.
You become entangled in the net!
You struggle against the net.
The gnoll hits you from afar with a +0 halberd!
You tear a large gash into the net.
The gnoll hits you from afar with a +0 halberd.
You rip the net and break free!
The gnoll hits you from afar with a +0 halberd!
The gnoll hits you with a +0 halberd!
* * * LOW HITPOINT WARNING * * *
Items here: $ ( ))) †.
You closely miss the gnoll. You block the gnoll's attack.
You hit the gnoll but do no damage. The gnoll barely misses you.
You hit the gnoll.
The gnoll is moderately wounded.
The gnoll closely misses you.
You hit the gnoll but do no damage.
The gnoll is moderately wounded.
You block the gnoll's attack. The gnoll barely misses you.
You closely miss the gnoll.
The gnoll is moderately wounded.
The gnoll closely misses you.
You hit the gnoll.
The gnoll is severely wounded.
The gnoll closely misses you.
You hit the gnoll.
You kill the gnoll!
Key pressed, stopping explore.
HP restored.
You now have 85 gold pieces (gained 16).
Items here: ( ))) †.
Things that are here:
a +0 halberd; a gnoll corpse
Things that are here:
a +0 spear; a gnoll skeleton You see here a +0 club.
You pick up a book of Sloth and begin reading...
You add the spells Petrify, Metabolic Englaciation and Statue Form to your library.
Found 17 stones.
A ball python comes into view.
A ball python is nearby!
A ball python is nearby!
A ball python is nearby!
No target in view!
No target in view!
You completely miss the ball python. You block the ball python's attack. x2
The ball python barely misses you. The ball python grabs you.
The ball python constricts you.
You slash the ball python!
You kill the ball python!
No target in view!
No target in view!
No target in view!
No target in view!
Okay, then.
You don't know any spells.
Unknown command.
You see here a ball python corpse.
You now have 95 gold pieces (gained 10).
Found a leather armour.
You now have 99 gold pieces (gained 4).
Found 4 javelins.
Found a whip.
You see here 4 javelins.
You see here a +0 whip.
You see here 20 stones.
You see here a +0 club.
Things that are here:
22 stones; a +0 dagger; a +0 hunting sling Done exploring.
Done exploring.
Done exploring.
No target in view!
No target in view!
Done exploring.
Done exploring.
Done exploring.
(D) Dungeon
Where to? (Enter - D:2, ? - help)
There is a stone staircase leading down here.
You climb downwards.
There is a stone staircase leading up here.
Found a robe.
Found a stone staircase leading down.
n - 3 yellow potions (gained 1)
You now have 108 gold pieces (gained 9).
There is a stone staircase leading down here.
You open the door.
There is an open door here.
Found a stone staircase leading up.
p - 2 scrolls labelled WITSUE QYLE You open the door.
g - 2 scrolls labelled TAOXEF XIPRASS (gained 1)
c - 2 scrolls labelled ITAERAH OLAMO (gained 1)
An orc comes into view. It is wielding a +0 flail.
Found a falchion.
The orc shouts!
An orc is nearby!
Found a spear.
Natasha, Servant of Life and Death comes into view.
You block the orc's attack.
You barely miss the orc.
Natasha hisses angrily.
Natasha casts a spell.
The orc hits you with a +0 flail.
You hit the orc but do no damage. You block the orc's attack.
You hit the orc.
The orc is lightly wounded.
You block the orc's attack.
The crimson imp blinks!
Natasha mewls in sadness.
The crimson imp disappears in a puff of smoke!
Natasha stares at you and mumbles some strange words.
You resist with some effort.
There is a stone staircase leading up here.
The orc hits you but does no damage.
You climb upwards.
There is a stone staircase leading down here.
You hit the orc but do no damage.
The orc is lightly wounded.
The orc closely misses you.
You hit the orc.
You kill the orc!
No target in view!
No target in view!
Things that are here:
a +0 flail; a +0 ring mail
There is a stone staircase leading down here.
You start waiting.
Done waiting.
You climb downwards.
Level annotation: Natasha Natasha stares at you and mumbles some strange words.
The magic dart hits you. You block Natasha's attack.
There is a stone staircase leading up here.
You slash Natasha!
Natasha is severely wounded.
Natasha wildly gestures.
You feel disoriented. Natasha casts a spell at you.
You feel yourself slow down.
You barely miss Natasha.
Natasha is severely wounded.
You block Natasha's attack. Natasha claws you.
You closely miss Natasha.
Natasha is severely wounded.
Natasha howls an incantation.
You feel troubled.
Natasha stares at you and mumbles some strange words.
You feel as though you will be slow longer.
Natasha claws you!
You are too injured to fight recklessly!
You are too injured to fight recklessly!
You are too injured to fight recklessly!
You hit Natasha.
Natasha is severely wounded.
Natasha casts a spell.
You hit Natasha but do no damage.
Natasha is severely wounded.
Natasha barely misses you. Natasha claws you.
You closely miss Natasha.
Natasha is severely wounded.
Natasha casts a spell at you.
You feel as though you will be slow longer.
Natasha claws you.
* * * LOW HITPOINT WARNING * * *
You slash Natasha!
You kill Natasha!
Natasha growls in agony!
The crimson imp disappears in a puff of smoke!
You climb upwards.
There is a stone staircase leading down here.
You start resting.
You feel yourself speed up.
You start resting.
HP restored.
You climb downwards.
There is a stone staircase leading up here.
You see here the felid corpse of Natasha.
An orc comes into view. It is wielding a +0 hand axe.
Found 10 gold pieces.
The orc shouts!
The orc throws a boomerang.
The boomerang hits you.
An orc is nearby!
An orc is nearby!
The orc throws a boomerang.
You block the boomerang.
You closely miss the orc. The orc hits you but does no damage.
You barely miss the orc. You block the orc's attack.
You slash the orc!
You kill the orc!
You have reached level 5!
Things that are here:
a +0 hand axe; a boomerang You now have 118 gold pieces (gained 10).
Things that are here:
a +0 hand axe; a boomerang A bat comes into view.
A bat is nearby!
A bat is nearby!
You block the bat's attack.
You closely miss the bat. The bat hits you but does no damage. x2
The bat hits you but does no damage. You block the bat's attack.
The bat hits you but does no damage. The bat barely misses you.
The bat hits you but does no damage.
You hit the bat but do no damage. The bat hits you but does no damage.
You block the bat's attack. The bat hits you but does no damage.
The bat hits you but does no damage. You block the bat's attack.
You slash the bat!
You kill the bat!
No target in view!
You see here a bat corpse.
Natasha, Servant of Life and Death comes into view.
Natasha hisses angrily.
A kobold comes into view. It is wielding a +0 dagger.
There are monsters nearby!
There are monsters nearby!
The kobold shouts!
You barely miss Natasha. Natasha claws you but does no damage.
Natasha mumbles some strange words.
You feel disoriented.
Natasha stares at you and mumbles some strange words.
You resist with some effort.
You barely miss Natasha. Natasha closely misses you.
You hit Natasha.
Natasha is moderately wounded.
Natasha claws you but does no damage.
You hit Natasha but do no damage.
Natasha is moderately wounded.
Natasha misses you.
You barely miss Natasha.
Natasha is moderately wounded.
You block Natasha's attack.
You slash Natasha!
Natasha is severely wounded.
Natasha mumbles some strange words.
You feel disoriented.
Natasha stares at you and mumbles some strange words.
The magic dart hits you. Natasha claws you.
You closely miss Natasha.
Natasha is severely wounded.
Natasha claws you.
You slash Natasha!
You kill Natasha!
Natasha yowls pathetically as she dies!
The kobold hits you but does no damage.
Your Long Blades skill increases to level 5!
You hit the kobold.
You kill the kobold!
No target in view!
Nothing quivered!
HP restored.
Things that are here:
a +0 dagger; a kobold corpse
Found a stone staircase leading down.
You open the door.
An endoplasm comes into view.
You hit the endoplasm.
The endoplasm is moderately wounded.
The endoplasm closely misses you.
You hit the endoplasm but do no damage.
The endoplasm is moderately wounded.
The endoplasm freezes you.
You are frozen.
You hit the endoplasm.
You kill the endoplasm!
No target in view!
No target in view!
Found a scroll of immolation.
Found a faded altar of an unknown god.
A hobgoblin comes into view.
The hobgoblin shouts!
A hobgoblin is nearby!
No target in view!
No target in view!
No target in view!
No target in view!
You hit the hobgoblin but do no damage. You block the hobgoblin's attack.
You slash the hobgoblin!
You kill the hobgoblin!
No target in view!
No target in view!
No target in view!
No target in view!
You now have 122 gold pieces (gained 4).
An adder comes into view.
The adder hisses angrily.
An adder is nearby!
An adder is nearby!
You slash the adder!
The adder is heavily wounded.
The adder bites you.
You are poisoned.
The adder poisons you!
You hit the adder but do no damage.
The adder is heavily wounded.
You feel sick. The adder bites you but does no damage.
The adder closely misses you.
You barely miss the adder.
The adder is heavily wounded.
You feel sick. The adder bites you but does no damage.
You slash the adder!
You kill the adder!
You feel sick.
No target in view!
No target in view!
No target in view!
No target in view!
No target in view!
No target in view!
No target in view!
No target in view!
No target in view!
No target in view!
No target in view!
You feel sick.
You feel sick.
You feel sick.
You are no longer poisoned.
Found a stone staircase leading up.
d - 3 potions of might (gained 2)
Found an ornate altar of the Wu Jian Council.
You open the door. 2 orcs and an orc priest come into view.
The orc shouts! x2; You hear a shout!
The orc throws a boomerang.
You block the boomerang.
An orc comes into view. It is wielding a +0 falchion.
Found 8 stones.
Found a stone staircase leading down.
There are monsters nearby!
An orc wizard comes into view. It is wielding a +0 dagger.
The orc priest calls down the wrath of Beogh upon you.
Beogh smites you!
The orc wizard shouts!
There is an open door here.
The orc priest looks braver for a moment.
The orc throws a boomerang.
The boomerang hits you.
There is an open door here.
The orc throws a boomerang.
You block the boomerang.
The orc throws a boomerang.
You block the boomerang.
The orc throws a boomerang.
The boomerang hits you but does no damage.
There is a stone staircase leading up here.
The orc throws a boomerang.
The boomerang barely misses you.
The orc wizard mumbles some strange words.
The orc wizard flickers and vanishes!
Deactivating autopickup; reactivate with Ctrl-A.
The orc throws a boomerang.
The boomerang barely misses you.
Your scale mail prevents you from hitting the orc.
The orc hits you but does no damage.
You hit the orc.
The orc is almost dead.
The orc closely misses you. Something hits you but does no damage.
You climb upwards.
Reactivating autopickup.
There is a stone staircase leading down here.
You closely miss the orc.
The orc is almost dead.
The orc barely misses you. Something hits you.
Deactivating autopickup; reactivate with Ctrl-A.
The orc completely misses you.
You completely miss the orc.
The orc is almost dead.
Something hits you but does no damage. You block the orc's attack.
You barely miss the orc.
The orc is almost dead.
Something hits you but does no damage. The orc hits you with a +0 flail!
Your scale mail prevents you from hitting the orc.
The orc is almost dead.
You hear some strange, mumbled words.
A puff of flame appears from out of thin air!
The puff of flame hits you. The orc hits you but does no damage.
You hit the orc.
You kill the orc!
Something hits you. You block something's attack.
You barely miss something. Something hits you but does no damage.
You closely miss something. Something hits you.
* * * LOW HITPOINT WARNING * * *
You miss something. Something hits you but does no damage.
You miss something. You block something's attack. Something hits you.
* * * LOW HITPOINT WARNING * * *
You miss something.
You hear some strange, mumbled words.
You are confused.
You bump into the rock wall.
You hear some strange, mumbled words.
A puff of flame appears from out of thin air!
The puff of flame misses you.
You bump into the rock wall.
Something hits you but does no damage.
You bump into the rock wall.
Something hits you but does no damage.
You're too confused to move!
Something hits you but does no damage.
You bump into the rock wall.
You feel less confused. Something hits you but does no damage.
You miss something. Something hits you but does no damage.
You hit something but do no damage. Something hits you but does no damage.
You hit something. Something hits you.
* * * LOW HITPOINT WARNING * * *
You barely miss something. Something hits you but does no damage.
You miss something. Something hits you but does no damage. Something hits you.
* * * LOW HITPOINT WARNING * * *
You miss something. Something hits you.
* * * LOW HITPOINT WARNING * * *
Your scale mail prevents you from hitting something.
Something hits you.
* * * LOW HITPOINT WARNING * * *
You hit something. Something hits you but does no damage.
You miss something. Something hits you.
* * * LOW HITPOINT WARNING * * *
You closely miss something.
You hear some strange, mumbled words.
A magic dart appears from out of thin air!
The magic dart hits you but does no damage.
You hear some strange, mumbled words.
A magic dart appears from out of thin air!
The magic dart hits you.
* * * LOW HITPOINT WARNING * * *
You barely miss something. Something hits you but does no damage.
You miss something. Something hits you but does no damage.
You miss something. You block something's attack.
You miss something. Something hits you.
* * * LOW HITPOINT WARNING * * *
You hear some strange, mumbled words.
Something tries to affect you, but you resist.
You hit something but do no damage. Something hits you but does no damage.
You slash something!
Reactivating autopickup.
You feel a bit more experienced.
Things that are here:
a +0 dagger; a +0 robe; an orc corpse You start resting.
HP restored.
There is a stone staircase leading down, spattered with blood here.
You climb downwards.
The orc completely misses you. The orc hits you but does no damage.
There is a stone staircase leading up here.
You hit the orc.
The orc is almost dead.
The orc barely misses you.
You closely miss the orc.
The orc is almost dead.
The orc barely misses you.
You hit the orc.
You kill the orc!
Your scale mail prevents you from hitting the orc priest.
The orc priest hits you with a +0 mace.
You hit the orc priest.
The orc priest is heavily wounded.
The orc priest hits you but does no damage.
You slash the orc priest!
You kill the orc priest!
No target in view!
No target in view!
HP restored.
Things that are here:
a +0 mace; an orc corpse The orc shouts!
An orc is nearby!
An orc is nearby!
An orc is nearby!
The orc hits you with a +0 flail.
You barely miss the orc. The orc barely misses you.
The orc hits you but does no damage.
You hit the orc.
The orc is heavily wounded.
The orc hits you but does no damage.
You slash the orc!
You kill the orc!
No target in view!
No target in view!
No target in view!
You see here a +0 flail.
There is an open door here.
You see here 8 stones.
q - a glowing golden potion
There is a stone staircase leading down here.
Key pressed, stopping explore.
You see here a +0 robe.
Key pressed, stopping explore.
A bat comes into view.
A ball python, a rat and Grinder come into view.
Grinder shouts!
The ball python hisses angrily.
Grinder blinks!
You miss the bat. You block the bat's attack. x2
You slash the bat!
You kill the bat!
You closely miss Grinder.
Grinder says, "I used to sell toenails on the black market."
Grinder hits you.
You writhe in agony.
You barely miss Grinder.
The ball python bites you but does no damage.
You block the ball python's attack. You block Grinder's attack.
The ball python bites you but does no damage.
The ball python barely misses you.
Grinder blinks!
There is a stone staircase leading up here.
The ball python barely misses you. x2
Grinder says, "I used to sell toenails on the black market."
Grinder gestures at you.
You suddenly lose the ability to move!
The ball python bites you but does no damage.
The ball python grabs you. The ball python constricts you.
The ball python bites you but does no damage.
The ball python constricts you. The ball python bites you.
The ball python constricts you. Grinder hits you but does no damage.
The ball python bites you but does no damage.
The ball python constricts you. Grinder hits you.
You writhe in agony.
The ball python bites you but does no damage.
The ball python constricts you.
Grinder says, "Mostly I couldn't keep them alive."
Grinder gestures at you. Pain shoots through your body!
The ball python bites you but does no damage.
The ball python constricts you. Grinder hits you.
* * * LOW HITPOINT WARNING * * *
You writhe in agony.
* * * LOW HITPOINT WARNING * * *
The ball python bites you.
* * * LOW HITPOINT WARNING * * *
The ball python constricts you.
You can move again.
Unknown command.
Unknown command.
Unknown command.
Unknown command.
Unknown command.
Unknown command.
Unknown command.
Unknown command.
Unknown command.
Unknown command.
Unknown command.
Unknown command.
Unknown command.
Unknown command.
Unknown command.
Unknown command.
You escape the ball python's grasp.
Grinder says, "There's only one good use for a tongue: cutting it out."
Grinder gestures at you. You resist with significant effort.
Grinder gestures at you. Pain shoots through your body!
* * * LOW HITPOINT WARNING * * *
Grinder says, "Wait up."
You block the rat's attack. Grinder gestures at you.
Pain shoots through your body!
* * * LOW HITPOINT WARNING * * *
Grinder blinks!
There is a stone staircase leading up here.
The rat bites you but does no damage.
You climb upwards.
There is a stone staircase leading down here.
You closely miss the rat. The rat bites you but does no damage.
The rat closely misses you.
You slash the rat!
You kill the rat!
You start resting.
HP restored.
You climb downwards.
Level annotation: Grinder The ball python bites you but does no damage.
The ball python grabs you. The ball python constricts you.
The ball python barely misses you. The ball python constricts you.
There is a stone staircase leading up here.
You barely miss the ball python. You block the ball python's attack.
The ball python constricts you.
You barely miss the ball python.
The ball python bites you but does no damage.
The ball python constricts you.
The ball python bites you but does no damage.
The ball python constricts you.
You closely miss the ball python. The ball python bites you.
The ball python constricts you.
You hit the ball python but do no damage.
The ball python bites you but does no damage.
The ball python constricts you.
You closely miss the ball python.
The ball python bites you but does no damage.
The ball python constricts you.
Grinder blinks!
You block the ball python's attack. The ball python constricts you.
You slash the ball python!
You kill the ball python!
Grinder gestures at you. Pain shoots through your body!
You hit Grinder but do no damage. Grinder gestures at you.
Pain shoots through your body!
You hit Grinder but do no damage.
Grinder blinks!
Grinder gestures at you.
You barely resist.
You climb upwards.
There is a stone staircase leading down here.
You start resting.
HP restored.
You climb downwards.
Level annotation: Grinder Grinder says, "There's only one good use for a tongue: cutting it out."
There is a stone staircase leading up here.
You hit Grinder.
Grinder is lightly wounded.
Grinder barely misses you.
You closely miss Grinder.
Grinder is lightly wounded.
Grinder hits you!
You writhe in agony.
You hit Grinder.
Grinder is lightly wounded.
You block Grinder's attack.
You completely miss Grinder.
Grinder is lightly wounded.
Grinder hits you.
You writhe in agony.
You hit Grinder.
Grinder is moderately wounded.
Grinder barely misses you.
You hit Grinder.
Grinder is moderately wounded.
Grinder misses you. Grinder hits you but does no damage.
You hit Grinder but do no damage.
Grinder is moderately wounded.
Grinder hits you.
* * * LOW HITPOINT WARNING * * *
You writhe in agony.
* * * LOW HITPOINT WARNING * * *
You barely miss Grinder.
Grinder is moderately wounded.
Grinder hits you but does no damage.
You closely miss Grinder.
Grinder is moderately wounded.
Grinder gestures at you. Pain shoots through your body!
* * * LOW HITPOINT WARNING * * *
You closely miss Grinder.
Grinder is moderately wounded.
Grinder closely misses you.
You slash Grinder!
Grinder is heavily wounded.
Grinder gestures at you.
You suddenly lose the ability to move!
Grinder gestures at you.
You shrug off the repeated paralysis!
Grinder hits you but does no damage. Grinder gestures at you.
You resist with significant effort. Grinder gestures at you.
You resist with significant effort.
You can move again.
Unknown command.
Unknown command.
Unknown command.
Unknown command.
Unknown command.
You barely miss Grinder.
Grinder is heavily wounded.
Grinder gestures at you. Pain shoots through your body!
* * * LOW HITPOINT WARNING * * *
Grinder barely misses you.
You barely miss Grinder.
Grinder is heavily wounded.
Grinder gestures at you.
You suddenly lose the ability to move!
Grinder hits you but does no damage. Grinder hits you.
* * * LOW HITPOINT WARNING * * *
You writhe in agony.
* * * LOW HITPOINT WARNING * * *
Grinder gestures at you. Pain shoots through your body!
You die...

....................# #P.P.bbP..#
.######################.#######b#
.#################..#.PP#.....#P.
............[...##..#####.....###
...############..#...............
..(# #.#####.#..#####.....###
...### #...5S.....#.P.#.....#P.
...'.# #.#####5..####.#######P#
...#.# ##......@†..# #..PPP..PP#
####.###8###.#.#....# ##########
###.##...##........#
##...#8...8#####.#..# #########
....##.....## #.#..## #.......#
##......_..8# #.#...# #.......#
##.###.....## ..#.#.# #.......#
.#...#8...8#.........# #.......#
##.####...##...........##.......#


You could see Grinder.

Vanquished Creatures
  An orc priest (D:3)
  Natasha (twice) (D:3)
  An orc wizard (D:2)
  Robin (D:2)
  4 gnolls (D:2)
  2 adders
  A dart slug (D:1)
  5 orcs
  4 bats
  2 endoplasms
  3 giant cockroaches
  14 goblins
  6 hobgoblins
  3 jackals (D:1)
  2 kobolds
  2 quokkas
  4 ball pythons
  3 frilled lizards
  3 rats
63 creatures vanquished.

Vanquished Creatures (others)
  2 plants (D:1)
2 creatures vanquished.

Grand Total: 65 creatures vanquished

Notes
Turn   | Place    | Note
-------+----------+-------------------------------------------
     0 | D:1      | sleeves the Demonspawn Fighter began the quest for the Orb.
     0 | D:1      | Reached XP level 1. HP: 18/18 MP: 1/1
    88 | D:1      | Reached skill level 2 in Long Blades
   311 | D:1      | Gained mutation: You regenerate a little health from kills.
                  | [demonic ancestry]
   311 | D:1      | Reached XP level 2. HP: 24/24 MP: 2/2
   721 | D:1      | Reached skill level 3 in Long Blades
   723 | D:1      | HP: 12/24 [giant cockroach (1)]
   728 | D:1      | HP: 10/24 [jackal (3)]
   733 | D:1      | HP: 5/24 [jackal (1)]
  1067 | D:2      | Gained mutation: You have sharp fingernails. [demonic
                  | ancestry]
  1067 | D:2      | Reached XP level 3. HP: 29/29 MP: 3/3
  1083 | D:2      | HP: 14/29 [adder (4)]
  1087 | D:2      | HP: 6/29 [poisoned by an adder]
  1838 | D:2      | Noticed Robin
  1862 | D:1      | HP: 14/29 [goblin[Robin] (4)]
  2004 | D:2      | HP: 13/29 [goblin[Robin] (2)]
  2010 | D:2      | HP: 13/29 [Robin (1)]
  2011 | D:2      | Killed Robin
  2012 | D:2      | Reached skill level 4 in Long Blades
  2012 | D:2      | Reached XP level 4. HP: 16/35 MP: 4/4
  2150 | D:2      | HP: 12/35 [gnoll (7)]
  2749 | D:3      | Noticed Natasha
  2888 | D:3      | HP: 16/35 [Natasha (4)]
  2889 | D:3      | Killed Natasha
  3021 | D:3      | Reached XP level 5. HP: 41/41 MP: 5/5
  3076 | D:3      | Noticed Natasha
  3086 | D:3      | Killed Natasha
  3087 | D:3      | Reached skill level 5 in Long Blades
  3128 | D:3      | Found a faded altar of an unknown god.
  3243 | D:3      | Found an ornate altar of the Wu Jian Council.
  3321 | D:2      | HP: 19/41 [something (3)]
  3332 | D:2      | HP: 18/41 [something (1)]
  3338 | D:2      | HP: 8/41 [something (3)]
  3343 | D:2      | HP: 5/41 [something (2)]
  3909 | D:3      | Noticed Grinder
  3921 | D:3      | Paralysed by Grinder for 7 turns
  3927 | D:3      | HP: 16/41 [Grinder (6)]
  3938 | D:3      | HP: 3/41 [Grinder/nerve-wracking pain (7)]
  4394 | D:3      | HP: 20/41 [Grinder (5)]
  4398 | D:3      | Paralysed by Grinder for 5 turns
  4403 | D:3      | HP: 9/41 [Grinder/nerve-wracking pain (4)]
  4404 | D:3      | Paralysed by Grinder for 5 turns
  4406 | D:3      | HP: 4/41 [Grinder (2)]
  4407 | D:3      | Killed from afar by Grinder

Illustrated notes

Levels and vault maps discovered:
D:1:      heliophobic_arrival_glass_houses, layout_basic, serial_bayou_lake_a
D:2:      layout_loops_cross, skrybe_limestone_x, uniq_robin
D:3:      layout_basic, nzn_wu_jian_council_hall, serial_aquarium,
          aquarium_bridge_square [aquarium_subvault_bridge,
          aquarium_subvault_bridge, aquarium_subvault_window,
          aquarium_subvault_window], aquarium_bridge_island_small
          [aquarium_subvault_small_open, aquarium_subvault_balcony,
          aquarium_subvault_bridge, aquarium_subvault_wall,
          aquarium_subvault_bridge], aquarium_window_1, aquarium_window_corner,
          aquarium_window_corner, aquarium_view_2e, aquarium_view_2b,
          aquarium_pool_split, hellmonk_ecumenical_altar_blasted, uniq_natasha,
          uniq_grinder

Skill      XL: |  1  2  3  4  5 |
---------------+----------------+-----
Long Blades    | 2 3 4 5 |  5.6
Fighting       | |  3.0
Armour         | |  2.6
Shields        | |  2.6

Action                   |  1- 3 |  4- 6 || total
-------------------------+-------+-------++-------
Melee: Long sword        |   153 |   116 ||   269
Armor: Scale mail        |    89 |    61 ||   150
Dodge: Dodged            |    84 |    37 ||   121
Block: Buckler           |    60 |    37 ||    97

Table legend: (Time is in decaauts)
 A = Elapsed time spent in this place.
 B = Non-inter-level travel time spent in this place.
 C = Inter-level travel time spent in this place.
 D = Time resting spent in this place.
 E = Time spent auto-exploring this place.
 F = Levels seen in this place.
 G = Mean time per level.
                   A        B        C        D        E       F      G
               +--------+--------+--------+--------+--------+-----+--------+
         Total |   4536 |   4468 |     68 |   1326 |   2427 |   3 | 1512.0 |
       Dungeon |   4536 |   4468 |     68 |   1326 |   2427 |   3 | 1512.0 |
               +--------+--------+--------+--------+--------+-----+--------+

Top non-repeatable levels by time:
     D:2: 2334 daAuts
     D:1: 1260 daAuts
     D:3: 942 daAuts
